 Dungeon Crawl Stone Soup version 0.15.0-14-g6bbbb5c (console) character file.

28 gw the Covered (level 2, 0/27 HPs)
             Began as a Deep Dwarf Fighter on Sept 4, 2014.
             Slain by Sigmund
             ... wielding a +0 scythe
              (8 damage)
             ... on Level 2 of the Dungeon.
             The game lasted 00:00:31 (801 turns).

gw the Covered (Deep Dwarf Fighter)                  Turns: 801, Time: 00:00:32

HP   0/27        AC  6     Str 24      XL: 2   Next: 96%
MP   2/2         EV  9     Int  8      God:
Gold 0           SH  0     Dex 12      Spells:  0 memorised,  1 level left

rFire  . . .     SeeInvis .     a - +0 war axe
rCold  . . .     Clarity  .     b - +0 scale mail
rNeg   . . .     rCorr    .     (no shield)
rPois  .         rRot     .     (no helmet)
rElec  .         Spirit   .     (no cloak)
SustAb .         Warding  .     (no gloves)
rMut   .         Stasis   .     (no boots)
Gourm  .                        (no amulet)
MR     .....                    (no ring)
                                (no ring)

@: mighty, non-regenerating, not resistant to hostile enchantments, extremely
unstealthy
A: damage resistance, recharge devices, sense surroundings 1, slow healing 3
a: Device Recharging


You were on level 2 of the Dungeon.
You were not hungry.

You visited 1 branch of the dungeon, and saw 2 of its levels.

Inventory:

Hand weapons
 a - a +0 war axe (weapon)
Missiles
 m - 64 stones (quivered)
Armour
 b - a +0 scale mail (worn)
Magical devices
 d - a wand of heal wounds (5)
Comestibles
 f - a bread ration
 l - a royal jelly
Scrolls
 c - a scroll of magic mapping {unknown}


   Skills:
 + Level 2.9 Fighting
 * Level 3.2 Axes
 + Level 0.6 Throwing
 + Level 3.4 Armour
   Level 3.2 Shields


You had one spell level left.
You didn't know any spells.

Dungeon Overview and Level Annotations

Branches:
Dungeon (2/15)

Altars:

Annotations:
D:2 Sigmund


Innate Abilities, Weirdness & Mutations

You are resistant to damage.
You can recharge devices by infusing magical energy.
You passively map a small area around you.
You do not heal naturally.


Message History

ATTACK MOVE TO (-1,-1)
You closely miss Sigmund.
Sigmund is moderately wounded.
The hobgoblin hits you but does no damage.
Sigmund gestures wildly while chanting.
Sigmund flickers and vanishes!
Deactivating autopickup; reactivate with Ctrl-A.
The hobgoblin hits you but does no damage.
Something hits you.
MOVING TO (-2,0)
Found a bread ration.
MOVING TO (-1,0)
Something hits you.
MOVING TO (1,-6)
You barely miss the hobgoblin. You miss something.
The hobgoblin barely misses you. Something hits you!
MOVING TO (0,-5)
You closely miss the hobgoblin. You barely miss something.
The hobgoblin hits you. Something hits you!
You die...

#.#######.# *
### #.# ,, ..#
#.# * ** *#.#
#.# #.#
#.#######... *
#.# #.........#
#.# ##..#######
*,
##(#####..###
#gg.........##
#.###....!....#
* #%#
#.####+##..# *
,...* #$.* ,
#..# ### * ##..
, #. * ... , ,
.... ,, ** #.?,


You could see a hobgoblin.

Table legend:
 A = Turns spent in this place as a percentage of turns spent in the entire game.
 B = Non-inter-level travel turns spent in this place as a percentage of non-inter-level travel turns spent in the entire game.
 C = Inter-level travel turns spent in this place as a percentage of turns spent in this place.
 D = Turns resting spent in this place as a percentage of non-inter-level travel turns spent in this place.
 E = Turns spent auto-exploring this place as a percentage of non-inter-level travel turns spent in this place.
 F = Non-inter-level travel turns spent in this place divided by the number of levels of this place that you've seen.
                   A       B       C       D       E      F
               +-------+-------+-------+-------+-------+----------------------
         Total | 100.0 | 100.0 |   0.4 |   0.0 |  19.8 | 124.0
       Dungeon | 100.0 | 100.0 |   0.4 |   0.0 |  19.8 | 124.0
               +-------+-------+-------+-------+-------+----------------------

Table legend:
 A = Kills in this place as a percentage of kills in entire the game.
 B = Kills by you in this place as a percentage of kills by you in the entire game.
 C = Kills by friends in this place as a percentage of kills by friends in the entire game.
 D = Other kills in this place as a percentage of other kills in the entire game.
 E = Experience gained in this place as a percentage of experience gained in the entire game.
 F = Experience gained in this place divided by the number of levels of this place that you have seen.
                   A       B       C       D       E      F
               +-------+-------+-------+-------+-------+----------------------
         Total | 100.0 | 100.0 |  -nan |  -nan | 100.0 |  20.0
       Dungeon | 100.0 | 100.0 |  -nan |  -nan | 100.0 |  20.0
               +-------+-------+-------+-------+-------+----------------------

Vanquished Creatures
  A ball python (D:1)
  2 bats
  2 giant cockroaches (D:1)
  4 goblins (D:1)
  3 hobgoblins (D:1)
  4 jackals (D:1)
  6 kobolds (D:1)
  2 giant newts
  2 rats (D:1)
26 creatures vanquished.

Notes
Turn   | Place    | Note
--------------------------------------------------------------
     0 | D:1      | gw, the Deep Dwarf Fighter, began the quest for the Orb.
     0 | D:1      | Reached XP level 1. HP: 20/20 MP: 1/1
   139 | D:1      | Reached XP level 2. HP: 25/27 MP: 2/2
   794 | D:2      | Noticed Sigmund
   801 | D:2      | Slain by Sigmund

Action                   || total
-------------------------++-------
Melee: War axe           ||    58
Throw: Stone             ||    32
  Use: Scroll            ||     5
       Potion            ||     4

Vault maps used:
D:1:      ncdulo_smallfort, lexackson_kobold_supper
D:2:      lemuel_upstairs_altar, minmay_misc_feat_columns,
          grunt_decor_arrowhead, uniq_sigmund
